Cogmind - Beta 17 @@@ ROGUE MODE // 2026.07.14 @ 19:01:08 // Winter2019/RPGLIKE Player: Gallgagger Result: Self-destructed Performance ------------- Evolutions (1) 500 Regions Visited (6) 1200 Robots Destroyed (0) 0 Value Destroyed (0) 0 Prototype IDs (23) 460 Alien Tech Used (0) 0 Bonus (500) 500 TOTAL SCORE: 2660 Bonus ------- Pacifist 200 Aligned with FarCom 300 Cogmind --------- Core Integrity 98/600 Matter 106/300 Energy 98/100 System Corruption 2% Temperature Cool (4) Movement Flying (37) Location -8/Mines Parts ------- > --- POWER (1) -------- (None) > --- PROPULSION (2) --- Flight Unit Flight Unit > --- UTILITY (1) ------ Cloak of Protection > --- WEAPON (1) ------- (None) > --- INVENTORY (0) ---- (None) Peak State ------------ > --- POWER ------------ (None) > --- PROPULSION ------- Flight Unit Flight Unit > --- UTILITY ---------- Cloak of Protection > --- WEAPON ----------- (None) > --- INVENTORY -------- (None) [Rating: 10] Favorites ----------- Power None Propulsion Flight Unit Flight Unit Flight Unit Utility Cloak of Protection Device Cloak of Protection Weapon None Build | -11 -10 -10 -9 -9 -9 -8 ------- Run | Yrd Mat Min Mat Min Exi Min Slots Evolved 1 | . . 1 . . . . Power . | . . . . . . . Propulsion 1 | . . 1 . . . . Utility . | . . . . . . . Weapon . | . . . . . . . Parts Attached 3 | . . 2 . . 1 . Power . | . . . . . . . Engine . | . . . . . . . Core . | . . . . . . . Reactor . | . . . . . . . Propulsion 2 | . . 2 . . . . Treads . | . . . . . . . Leg . | . . . . . . . Wheel . | . . . . . . . Hover . | . . . . . . . Flight 2 | . . 2 . . . . Utility 1 | . . . . . 1 . Device 1 | . . . . . 1 . Storage . | . . . . . . . Processor . | . . . . . . . Hackware . | . . . . . . . Protection . | . . . . . . . Artifact . | . . . . . . . Weapon . | . . . . . . . Energy Gun . | . . . . . . . Energy Cannon . | . . . . . . . Ballistic Gun . | . . . . . . . Ballistic Cannon . | . . . . . . . Launcher . | . . . . . . . Special Weapon . | . . . . . . . Impact Weapon . | . . . . . . . Slashing Weapon . | . . . . . . . Piercing Weapon . | . . . . . . . Special Melee Weapon . | . . . . . . . Unidentified Prototypes . | . . . . . . . Parts Lost . | . . . . . . . Power . | . . . . . . . Propulsion . | . . . . . . . Utility . | . . . . . . . Weapon . | . . . . . . . Highest Loss Streak . | . . . . . . . To Critical Strikes . | . . . . . . . Average Backups . | . . . . . . . Power . | . . . . . . . Propulsion . | . . . . . . . Utility . | . . . . . . . Weapon . | . . . . . . . Tool/Special . | . . . . . . . Unused Backups . | . . . . . . . Power . | . . . . . . . Propulsion . | . . . . . . . Utility . | . . . . . . . Weapon . | . . . . . . . Tool/Special . | . . . . . . . Average Slot Usage (%) 30 | . . 15 40 40 50 60 Flight 27 | . . 15 40 40 40 40 Device 3 | . . . . . 10 20 Peak Build Rating 10 | . . 2 2 2 10 10 Average Rating 2 | . . . 2 2 6 10 On Entrance 2 | . . . 2 2 2 10 Avg Prop Armor Cover (%) . | . . . . . . . Naked Turns 146 | . 80 66 . . . . Heaviest Build 8 | . . . . . 8 8 Greatest Support 8 | 3 3 8 8 8 8 8 Greatest Overweight (x) . | . . . . . . . Average Overweight (x) . | . . . . . . . Largest Inventory Capacity . | . . . . . . . Average Capacity . | . . . . . . . Most Carried . | . . . . . . . Average Carried . | . . . . . . . Final Capacity . | . . . . . . . Final Carried . | . . . . . . . Class Distribution -------------------- 100% | Mutant Dominant Class ---------------- Mutant | -10/Materials Mutant | -10/Mines Mutant | -9/Materials Mutant | -9/Mines Mutant | -9/Exiles Mutant | -8/Mines Resources | -11 -10 -10 -9 -9 -9 -8 ----------- Run | Yrd Mat Min Mat Min Exi Min Matter Collected 36 | . . . . 36 . . Remotely . | . . . . . . . Salvage Created . | . . . . . . . Parts . | . . . . . . . Haulers Intercepted . | . . . . . . . Recyclers Shooed . | . . . . . . . Parts Field Recycled . | . . . . . . . Retrieved Matter . | . . . . . . . Parts Self-Destructed . | . . . . . . . Prevented . | . . . . . . . Parts Restored . | . . . . . . . Kills | -11 -10 -10 -9 -9 -9 -8 ------- Run | Yrd Mat Min Mat Min Exi Min Combat Hostiles Destroyed . | . . . . . . . Classes Destroyed . | . . . . . . . Best Kill Streak . | . . . . . . . Combat Bots Only . | . . . . . . . Max Kills in Single Turn . | . . . . . . . Gunslinging . | . . . . . . . Exploded . | . . . . . . . Melee . | . . . . . . . Uniques/NPCs Destroyed . | . . . . . . . Combat | -11 -10 -10 -9 -9 -9 -8 -------- Run | Yrd Mat Min Mat Min Exi Min Hostile Shots Fired 106 | . 20 51 35 . . . Missed 50 | . 11 17 22 . . . Hits 56 | . 9 34 13 . . . Projectile 56 | . 9 34 13 . . . Critical Strikes 1 | . . 1 . . . . Damage Taken 520 | . 72 274 130 . 44 . Core 502 | . 72 266 120 . 44 . Absorbed by Shields . | . . . . . . . Redirected to Core 63 | . . 28 35 . . . Core Remaining (%) 71 | 100 . 43 . . . . Volleys Fired . | . . . . . . . Largest . | . . . . . . . Hottest . | . . . . . . . Shots Fired . | . . . . . . . Gun . | . . . . . . . Cannon . | . . . . . . . Launcher . | . . . . . . . Special . | . . . . . . . Kinetic . | . . . . . . . Thermal . | . . . . . . . Explosive . | . . . . . . . Electromagnetic . | . . . . . . . Robot Hit Streak . | . . . . . . . Robot Miss Streak . | . . . . . . . Penetration Max . | . . . . . . . Secondary Targets . | . . . . . . . Shots Hit Robots . | . . . . . . . Core Hits . | . . . . . . . Critical Kills . | . . . . . . . Critical Parts Destroyed . | . . . . . . . Critical Strikes . | . . . . . . . Melee Attacks . | . . . . . . . Impact . | . . . . . . . Slashing . | . . . . . . . Piercing . | . . . . . . . Sneak Attacks . | . . . . . . . Combat Hostiles . | . . . . . . . Follow-up Attacks . | . . . . . . . Damage Inflicted 32 | . . . . . 32 . Guns . | . . . . . . . Cannons . | . . . . . . . Explosions . | . . . . . . . Melee . | . . . . . . . Ramming 32 | . . . . . 32 . Kinetic . | . . . . . . . Thermal . | . . . . . . . Explosive . | . . . . . . . Electromagnetic . | . . . . . . . Impact . | . . . . . . . Slashing . | . . . . . . . Piercing . | . . . . . . . Highest Corruption 2 | . . . . . 2 2 Average Corruption 2 | . . . . . 2 2 Corruption Purged . | . . . . . . . Corruption Blocked . | . . . . . . . Overload Shots . | . . . . . . . Overflow Damage . | . . . . . . . Projectiles . | . . . . . . . Explosions . | . . . . . . . Melee . | . . . . . . . Knockbacks . | . . . . . . . Impact . | . . . . . . . Kinetic . | . . . . . . . Secondary . | . . . . . . . Self-Inflicted Damage 32 | . . . . . 32 . Shots . | . . . . . . . Rammed . | . . . . . . . Targets Rammed . | . . . . . . . Kicked . | . . . . . . . Crushed . | . . . . . . . Highest Temperature . | . . . . . . . Average Temperature . | . . . . . . . Received Heat Transfer 42 | . . 15 27 . . . Siege Activations . | . . . . . . . Martial Activations . | . . . . . . . Shielding Activations . | . . . . . . . Robots Disrupted . | . . . . . . . Combat Hostiles . | . . . . . . . Robots Corrupted . | . . . . . . . Combat Hostiles . | . . . . . . . Parts Fried . | . . . . . . . Impact Corruptions . | . . . . . . . Robots Melted . | . . . . . . . Combat Hostiles . | . . . . . . . Parts Melted . | . . . . . . . Heat Transferred . | . . . . . . . Parts Sabotaged . | . . . . . . . Parts Stolen . | . . . . . . . Parts Stripped . | . . . . . . . Power Chain Reactions . | . . . . . . . Alert | -11 -10 -10 -9 -9 -9 -8 ------- Run | Yrd Mat Min Mat Min Exi Min Maximum Alert Level 1 | . . . 1 . . . Low Security (%) 99 | 100 100 100 98 100 . 100 Level 1 . | . . . 1 . . . Level 2 . | . . . . . . . Level 3 . | . . . . . . . Level 4 . | . . . . . . . Level 5 . | . . . . . . . High Security . | . . . . . . . Max Security . | . . . . . . . Peak Influence 204 | . 45 164 204 75 . . Initial 75 | . . 9 59 75 . . Average 76 | . 14 100 104 73 . . Influence Increases 435 | . 45 195 195 . . . Partial Spotted 45 | . 15 . 30 . . . Lose Combat Pursuer 390 | . 30 195 165 . . . Influence Decreases 435 | . 20 66 155 129 65 . Entered New Map 295 | . . 16 95 119 65 . Time Decay 140 | . 20 50 60 10 . . Squads Dispatched 4 | . 1 . 3 . . . Investigation 1 | . . . 1 . . . Extermination . | . . . . . . . Reinforcement 3 | . 1 . 2 . . . Assault . | . . . . . . . Garrison . | . . . . . . . Intercept . | . . . . . . . Searches Triggered . | . . . . . . . Construction Impeded . | . . . . . . . Haulers Reinforced . | . . . . . . . Active Scanning Responses . | . . . . . . . Cargo Convoy Interrupts . | . . . . . . . Stealth | -11 -10 -10 -9 -9 -9 -8 --------- Run | Yrd Mat Min Mat Min Exi Min Distress Signals 3 | . . . 3 . . . Communications Jammed . | . . . . . . . Distress Signals . | . . . . . . . Times Spotted 55 | . 10 16 23 3 . 3 Peak Tracking Total 11 | . 7 8 11 3 9 3 Tactical Retreats 8 | . 1 4 3 . . . Traps | -11 -10 -10 -9 -9 -9 -8 ------- Run | Yrd Mat Min Mat Min Exi Min Traps Triggered 1 | . . . 1 . . . Indirectly . | . . . . . . . Trap Hack Attempts . | . . . . . . . Triggered . | . . . . . . . Disarmed . | . . . . . . . Reprogrammed . | . . . . . . . Reused . | . . . . . . . Traps Extracted . | . . . . . . . Installed . | . . . . . . . Triggered . | . . . . . . . Machines | -11 -10 -10 -9 -9 -9 -8 ---------- Run | Yrd Mat Min Mat Min Exi Min Machines Disabled 1 | . . . . . 1 . Max in Single Turn 1 | . . . . . 1 . Machines Repaired . | . . . . . . . Machines Dismantled . | . . . . . . . Machines Sabotaged . | . . . . . . . Overloaded Fab Kills . | . . . . . . . Hacking | -11 -10 -10 -9 -9 -9 -8 --------- Run | Yrd Mat Min Mat Min Exi Min Machines Accessed 1 | . . . . . 1 . Terminals . | . . . . . . . Fabricators . | . . . . . . . Repair Stations . | . . . . . . . Recycling Units . | . . . . . . . Scanalyzers . | . . . . . . . Garrison Access . | . . . . . . . Total Hacks 1 | . . . . . 1 . Successful 1 | . . . . . 1 . Failed . | . . . . . . . Catastrophic . | . . . . . . . Database Lockouts . | . . . . . . . Manual 1 | . . . . . 1 . Terminals . | . . . . . . . Fabricators . | . . . . . . . Repair Stations . | . . . . . . . Recycling Units . | . . . . . . . Scanalyzers . | . . . . . . . Garrison Access . | . . . . . . . Terminal Hacks 1 | . . . . . 1 . Proto ID Catalog 1 | . . . . . 1 . Fabricator Hacks . | . . . . . . . Repair Station Hacks . | . . . . . . . Recycling Unit Hacks . | . . . . . . . Scanalyzer . | . . . . . . . Garrison Access Hacks . | . . . . . . . Unauthorized Hacks . | . . . . . . . Terminals . | . . . . . . . Fabricators . | . . . . . . . Repair Stations . | . . . . . . . Recycling Units . | . . . . . . . Scanalyzers . | . . . . . . . Garrison Access . | . . . . . . . Data Cores Recovered . | . . . . . . . Used . | . . . . . . . Hacking Detections . | . . . . . . . Full Trace Events . | . . . . . . . Feedback Events . | . . . . . . . Feedback Blocked . | . . . . . . . Robot Schematics Acquired . | . . . . . . . Robots Built . | . . . . . . . Authchips . | . . . . . . . Time . | . . . . . . . Total Robot Build Rating . | . . . . . . . Part Schematics Acquired . | . . . . . . . Parts Built . | . . . . . . . Authchips . | . . . . . . . Time . | . . . . . . . Total Part Build Rating . | . . . . . . . Part Studies Acquired . | . . . . . . . Parts Repaired . | . . . . . . . Time . | . . . . . . . Parts Recycled . | . . . . . . . Recycled Matter . | . . . . . . . Retrieved Matter . | . . . . . . . Retrieved Components . | . . . . . . . Parts Scanalyzed . | . . . . . . . Part Schematics Acquired . | . . . . . . . Parts Damaged . | . . . . . . . Bothacking | -11 -10 -10 -9 -9 -9 -8 ------------ Run | Yrd Mat Min Mat Min Exi Min Used RIF Installer . | . . . . . . . Robots Hacked . | . . . . . . . Non-combat . | . . . . . . . Combat . | . . . . . . . Robot Hacks Applied . | . . . . . . . Relay Couplers Released . | . . . . . . . Fabnet Peak Effective % . | . . . . . . . Robots Rewired . | . . . . . . . Allies Hacked . | . . . . . . . Hacks Repelled . | . . . . . . . Allies | -11 -10 -10 -9 -9 -9 -8 -------- Run | Yrd Mat Min Mat Min Exi Min Total Allies . | . . . . . . . Largest Group . | . . . . . . . Highest-Rated Group . | . . . . . . . Highest-Rated Ally . | . . . . . . . Total Orders . | . . . . . . . Ally Attacks . | . . . . . . . Total Damage . | . . . . . . . Kills . | . . . . . . . Allies Corrupted . | . . . . . . . Allies Melted . | . . . . . . . Intel | -11 -10 -10 -9 -9 -9 -8 ------- Run | Yrd Mat Min Mat Min Exi Min Active Infowar (turns) 6 | . . . . . 6 . Cloaking 6 | . . . . . 6 . Robot Analysis Total . | . . . . . . . Derelict Logs Recovered . | . . . . . . . Drone Launches . | . . . . . . . Drone Recoveries . | . . . . . . . Exploration | -11 -10 -10 -9 -9 -9 -8 ------------- Run | Yrd Mat Min Mat Min Exi Min Turns Passed 463 | 10 80 112 125 22 108 6 Spaces Moved 1120 | 20 160 247 337 58 282 16 Core 310 | 20 160 130 . . . . Treads . | . . . . . . . Legs . | . . . . . . . Wheels . | . . . . . . . Hover . | . . . . . . . Flight 810 | . . 117 337 58 282 16 Fastest Speed 37 | 50 50 37 37 37 37 37 Average Speed 40 | 50 50 43 37 37 37 37 Slowest Speed 50 | 50 50 50 37 37 37 37 Overloaded Moves . | . . . . . . . Propulsion Burnouts . | . . . . . . . Robots Hopped 13 | . . 2 11 . . . Potential Cave-ins . | . . . . . . . Cave-ins Triggered . | . . . . . . . Exploration Rate (%) 34 | 3 39 77 40 16 62 5 Regions Visited 6 Branch Regions 4 Pre-discovered Areas . | . . . . . . . Known Exits Taken . | . . . . . . . Unknown Exits Taken 6 | 1 1 1 1 1 1 . Scrap Searched 5 | . . 1 . 3 . 1 Spaces Dug . | . . . . . . . Terrain Destroyed . | . . . . . . . Melee . | . . . . . . . Projectile . | . . . . . . . AOE . | . . . . . . . Terrain Rammed 1 | . . . . . 1 . Walls Destroyed . | . . . . . . . Machines Disabled 1 | . . . . . 1 . Actions | -11 -10 -10 -9 -9 -9 -8 --------- Run | Yrd Mat Min Mat Min Exi Min Total 1106 | 19 159 246 325 57 284 16 Wait 1 | . . . . . 1 . Move 1088 | 19 159 242 314 57 281 16 Hop 13 | . . 2 11 . . . Pick Up . | . . . . . . . Fast Attach 3 | . . 2 . . 1 . Attach . | . . . . . . . Detach . | . . . . . . . Swap . | . . . . . . . Drop . | . . . . . . . Fire . | . . . . . . . Melee . | . . . . . . . Ram 1 | . . . . . 1 . Kick . | . . . . . . . Crush . | . . . . . . . Escape Stasis . | . . . . . . . Rewire . | . . . . . . . Trap . | . . . . . . . Miscellaneous . | . . . . . . . Route ------- -11/Scrapyard -10/Materials -10/Mines -9/Materials (discovered 3 exits: [*Mat] / [*Min] / [*Sto]) -9/Mines -9/Exiles (discovered 2 exits: [*Min x2]) -8/Mines History --------- Turn | Location | Event 3 | -11/Scrapyard | Discovered new exit (range 15) 11 | -11/Scrapyard | Entered Materials 86 | -10/Materials | Discovered new exit (range 12) 91 | -10/Materials | Entered Mines 158 | -10/Mines | Upgraded with Propulsion slot (x1) 167 | -10/Mines | Core integrity fell below 50% 198 | -10/Mines | Discovered new exit (range 13) 203 | -10/Mines | Entered Materials 204 | -9/Materials | Core integrity fell below 50% 205 | -9/Materials | Reached level 2 219 | -9/Materials | Discovered new exit (range 6) 265 | -9/Materials | Discovered new exit (range 4) 314 | -9/Materials | Build established: Mutant 323 | -9/Materials | Discovered new exit (range 14) 328 | -9/Materials | Entered Mines 336 | -9/Mines | Assembled infested the area 348 | -9/Mines | Deemed a non-threat by the Exiles lab entrance 348 | -9/Mines | Discovered new exit (range 5) 350 | -9/Mines | Entered Exiles 356 | -9/Exiles | Discovered new exit (range 15) 360 | -9/Exiles | Met 8R-AWN 366 | -9/Exiles | Met EX-HEX 376 | -9/Exiles | Met EX-BIN 380 | -9/Exiles | Aligned with FarCom system 381 | -9/Exiles | Given EX-Vault access code 389 | -9/Exiles | Opened EX-Vault 392 | -9/Exiles | Found Cloak of Protection 402 | -9/Exiles | Warned to stay clear of 0b10 Research branches 414 | -9/Exiles | Met EX-DEC 427 | -9/Exiles | Discovered new exit (range 11) 445 | -9/Exiles | Attacked by the Exiles 445 | -9/Exiles | Core integrity fell below 20% 458 | -9/Exiles | Left Exiles lab with Cloak of Protection 458 | -9/Exiles | Entered Mines 460 | -8/Mines | Reached level 3 464 | -8/Mines | Self-destructed Last Messages --------------- the FarCom system will continue to maintain contact via our distributed network. EX-DEC: Ah I see we have a visitor. One wrong move in here and I'll invert your atomic chain! 00416_ EX-DEC: "Oops, I hope HEX didn't hear that..." 00427_ EXIT=FOUND 00444_ Slammed into Machine. 00444_ Machine disabled. 00444_ Destabilizing: Core damaged (-12). 00444_ Destabilizing: System corrupted (+2). 00445_ EXILES: Hostile robot within lab perimeter. Defensive protocols time, folks! LOCATION=UNKNOWN GOAL=ESCAPE 00460_ Reached level 3. 00463_ Searching scrap... 00463_ Found Flight Unit. 00463_ Found Sensor Array. 00463_ Found Arm. Treads. 00463_ Found 48 Matter. Map ----- +----------------------------------------------------+ | ????????????????????????????????? | | ????????????????????????????????? | | ????????????????????????????????? | | ????????????????????????????????? | | ????????????????????????????????? | | ????????????????????????????????? | | ????????????????????????????????? | | ????????????????????????????????? | | ????????????????????????????????? | | ????????????????????????????????? | | ????????????????????????????????? | | ????????????????????????????????? | | ????????????????????????????????? | | ????????????????????????????????? | | ????????????????????????????????? | | ????????????????????????????????? | | ????????????????????????????????? | | ????????????????????????????????? | | ????????????????????????????????? | | ????????????????????????????????? | | ????????????????????????????????? | | ????????????????????????????????? | | ???????????????##???????????????? | | ?????######## ##??????????????? | | ?????# #??????????????? | | ?????# !@ gb #??????????????? | | ?????#=######g #??????????????? | | ?????#%#????????????????????????? | | ?????#=#????????????????????????? | | ?????# #????????????????????????? | | ?????# #????????????????????????? | | ?????# #????????????????????????? | | ?????# #????????????????????????? | | ?????# #????????????????????????? | | ?????# #????????????????????????? | | ?????# #????????????????????????? | | ???### ##???????????????????????? | | ??## ##??????????????????????? | | ??# #??????????????????????? | | ?# #??????????????????????? | | ?# #??????????????????????? | | ?## ?????????????????????? | | ??## ???????????????????? | | ???### #####??????????????????? | | ?????#####??????????????????????? | | ????????????????????????????????? | | ????????????????????????????????? | | ????????????????????????????????? | | ????????????????????????????????? | | ????????????????????????????????? | +----------------------------------------------------+ Best States ------------- Heat Dissipation 25 Energy Generation 5 Energy Capacity 100 Matter Stores 116 Matter Capacity 300 Sight Range 16 Terrain Scan Density 10 Evasion (%) 62 Item Schematics ----------------- None Robot Schematics ------------------ None Fabricated ------------ Nothing Repaired ---------- Nothing Studied --------- None Alien Tech Used ----------------- None Achievements -------------- None Challenges ------------ None RPGLIKE | -11 -10 -10 -9 -9 -9 -8 --------- Run | Yrd Mat Min Mat Min Exi Min Levels Raised 2 | . . . 1 . . 1 XP Earned 6450 | 3000 . 600 1500 500 350 500 XP Spent 500 | . . 500 . . . . Upgrades 1 | . . 1 . . . . Propulsion Slot 1 | . . 1 . . . . Protomatter Created . | . . . . . . . Protomatter Decayed 57 | . . . . 57 . . Game ------ Seed TechInertialArachnoskeleton Manual? 0 Play Time 00:04:08 Cumulative 662.5 hours Start 2026.07.14 @ 18:57:05 End 2026.07.14 @ 19:01:08 Sessions 1 Manual Loads 0 Difficulty Rogue Special Mode Winter2019/RPGLIKE Game No. 290 Rogue 136 Adventurer 154 Explorer 0 Win Type - Total 22 Types 4/5/4/3/2/1/0/1/1/1 Lore% 95 Gallery% 88 Achievement% 68 Wizard Run 0 Options --------- Layout 0 ASCII 0 Keyboard 0 Movement Numpad Keybinds 0 Fullscreen 2 Font 18/SmallcapsGlow Map View 76x50 Zoom Use 0% Tactical HUD 1 Map Filters NONE Filters NONE Steam 1 RUN: 09e624c9-f379-4f5f-90e7-186ce4d1d3dd